Carnivores vs Tamiflu
Created - June 14, 2017 at 23:40
Goals
|
| Carnivores |
0 |
1 |
4 |
5 |
| Tamiflu |
1 |
5 |
4 |
10 |
|
Shots
|
| Carnivores |
10 |
13 |
17 |
40 |
| Tamiflu |
16 |
11 |
17 |
44 |
|
1st period
1. Tamiflu , Stefan Elliott 1 (Robert Dome 16, Greg Mauldin 12) at 2:28 (PP)
Penalties :
Markus Granlund (Bre) for Interference (Minor) at 1:33, Colin Greening (Det) for Fighting (Major) at 11:41, Mat Clark (Bre) for Fighting (Major) at 11:41, Bobby Sanguinetti (Bre) for Hooking (Minor) at 18:04
2nd period
2. Tamiflu , Robert Dome 11 (Petr Pohl 13, Jordan Hendry 13) at 0:11
3. Carnivores , Brendan Gallagher 6 (Steve Begin 6, Mikael Granlund 5) at 2:00 (PP)
4. Tamiflu , Greg Mauldin 10 (Petr Pohl 14, Robert Dome 17) at 6:50 (PP)
5. Tamiflu , Greg Mauldin 11 (Robert Dome 18) at 11:52 (PP)
6. Tamiflu , Jordan Hendry 3 (Philip Samuelsson 4) at 17:04
7. Tamiflu , Jamie Arniel 6 (Philip Samuelsson 5, Mattias Tedenby 6) at 17:57 (PP)
Penalties :
Mike Duco (Det) for Roughing (Minor) at 1:27, Chris Lawrence (Bre) for Slashing (Minor) at 6:11, Zack Smith (Bre) for Tripping (Minor) at 11:46, Jordan Hendry (Det) for Fighting (Major) at 17:05, Brendan Gallagher (Bre) for Fighting (Major) at 17:05, Brendan Gallagher (Bre) for instigated a fight (Minor) at 17:05, Brendan Gallagher (Bre) for instigated a fight (10 Minutes Misconduct) at 17:05, Nino Niederreiter (Det) for Interference (Minor) at 18:08
3rd period
8. Tamiflu , Jan Mursak 5 (Garrett Wilson 1, Nino Niederreiter 6) at 1:03
9. Carnivores , Vernon Fiddler 5 (Jeremy Welsh 3) at 1:36
10. Carnivores , Mat Clark 1 (Anton Gustafsson 14, Jeremy Williams 10) at 2:32
11. Carnivores , Chris Lawrence 3 (Sasha Pokulok 4, Jeremy Welsh 4) at 13:27 (PP)
12. Tamiflu , Greg Mauldin 12 (Robert Dome 19, Jordan Hendry 14) at 14:24
13. Tamiflu , Robert Dome 12 (Jordan Hendry 15, Greg Mauldin 13) at 18:25 (PP)
14. Tamiflu , Nino Niederreiter 5 (Philip Samuelsson 6, Robert Dome 20) at 18:42
15. Carnivores , Anton Gustafsson 10 (Jeremy Williams 11, Bobby Sanguinetti 13) at 19:38
Penalties :
Sasha Pokulok (Bre) for Hooking (Minor) at 4:16, Mattias Tedenby (Det) for Roughing (Minor) at 7:49, Greg Mauldin (Det) for Holding (Minor) at 12:30, Jamie Arniel (Det) for Fighting (Major) at 14:25, Vernon Fiddler (Bre) for Fighting (Major) at 14:25, Vernon Fiddler (Bre) for instigated a fight (Minor) at 14:25, Vernon Fiddler (Bre) for instigated and being the aggresor in a fight (20 Minutes Game Misconduct) at 14:25, Lane MacDermid (Bre) for Roughing (Minor) at 18:17
Goalie Stats
Antti Raanta (Bre), 13 saves from 17 shots - (0.765), 22:03 minutes
Erik Ersberg (Bre), 21 saves from 27 shots - (0.778), L, 3-1-2, 37:57 minutes
Thomas Greiss (Det), 35 saves from 40 shots - (0.875), W, 9-2-0, 60:00 minutes
Players Stats for Carnivores
Player Name G A P +/- PIM S H SB GA TA FO MP PP MP PK MP
------------------------------------------------------------------------------------
Anton Gustafsson 1 1 2 1 0 2 3 1 0 0 2/5 11:55 1:38 1:30
Bobby Sanguinetti 0 1 1 -1 2 2 2 2 1 1 0/0 26:44 3:33 3:50
Brendan Gallagher 1 0 1 -3 17 7 1 1 1 0 1/1 18:15 1:16 3:26
Chris Lawrence 1 0 1 1 2 3 3 1 0 0 1/1 16:13 1:58 1:44
Colton Orr 0 0 0 -1 0 2 0 0 0 0 0/0 9:46 1:04 0:00
David Schlemko 0 0 0 0 0 0 1 0 0 1 0/0 7:50 0:00 0:07
Frederic St-Denis 0 0 0 0 0 0 0 1 0 0 0/0 5:32 0:00 0:00
Jeremy Welsh 0 2 2 1 0 3 3 0 0 0 0/1 14:35 1:38 0:52
Jeremy Williams 0 2 2 1 0 0 0 0 0 0 0/0 8:47 0:00 0:00
Josh Manson 0 0 0 -1 0 0 0 0 0 0 0/0 4:10 0:00 2:21
Lane MacDermid 0 0 0 1 2 0 2 1 0 0 0/0 11:58 0:17 2:35
Mark McNeill 0 0 0 0 0 0 0 0 0 0 0/1 5:09 1:39 0:00
Markus Granlund 0 0 0 -1 2 0 5 0 0 0 0/0 9:05 0:05 0:14
Mat Clark 1 0 1 -1 5 1 1 2 0 1 0/0 13:12 1:55 0:00
Mattias Backman 0 0 0 0 0 0 1 1 0 0 0/0 5:50 0:00 0:07
Mikael Granlund 0 1 1 -2 0 3 1 1 0 0 22/42 20:58 3:27 1:34
Nate Schmidt 0 0 0 -1 0 2 2 0 0 1 0/0 27:59 3:33 5:04
Sasha Pokulok 0 1 1 -1 2 0 0 1 0 1 0/0 17:39 1:55 2:19
Steve Begin 0 1 1 -3 0 10 0 1 2 2 4/16 24:37 3:22 5:19
Vernon Fiddler 1 0 1 1 27 4 0 0 2 0 2/9 11:05 0:00 0:00
Zach Jones 0 0 0 0 0 0 0 0 0 0 0/0 11:17 0:00 3:26
Zack Smith 0 0 0 -1 2 1 0 0 0 0 4/7 8:38 0:00 0:00
Players Stats for Tamiflu
Player Name G A P +/- PIM S H SB GA TA FO MP PP MP PK MP
------------------------------------------------------------------------------------
Adam Larsson 0 0 0 -1 0 0 2 0 0 0 0/0 15:50 0:04 1:58
Colin Greening 0 0 0 -1 5 0 1 0 0 0 3/4 8:43 0:09 1:10
Garrett Wilson 0 1 1 0 0 1 1 0 0 0 0/0 9:44 0:14 1:30
Greg Mauldin 3 2 5 3 2 9 2 0 0 0 27/42 21:47 4:45 0:11
Jamie Arniel 1 0 1 0 5 6 1 0 0 0 12/16 15:20 2:41 0:44
Jan Mursak 1 0 1 0 0 2 1 2 2 1 1/11 11:39 0:24 3:23
Jordan Hendry 1 3 4 3 5 3 0 0 0 0 0/0 25:14 5:33 2:06
Justin Braun 0 0 0 0 0 0 0 1 0 0 0/0 14:27 0:52 0:16
Lucas Lessio 0 0 0 -1 0 0 0 0 0 1 0/0 9:10 0:00 0:46
Mattias Tedenby 0 1 1 0 2 3 0 0 0 0 1/2 16:12 3:34 0:00
Mike Duco 0 0 0 -1 2 2 3 0 2 0 0/0 9:41 0:51 0:00
Nathan Oystrick 0 0 0 -1 0 2 1 0 2 2 0/0 17:43 2:12 1:57
Nino Niederreiter 1 1 2 3 2 3 1 3 0 0 1/4 23:11 3:34 2:18
Petr Pohl 0 2 2 1 0 0 1 0 0 1 1/2 19:42 4:50 0:44
Philip Samuelsson 0 3 3 2 0 0 0 2 0 1 0/0 29:12 6:25 3:28
Rich Clune 0 0 0 -1 0 2 1 0 0 0 0/0 7:06 0:00 0:10
Robert Dome 2 5 7 3 0 9 0 0 1 0 1/2 22:07 4:45 0:00
Stefan Elliott 1 0 1 1 0 2 0 0 0 0 0/0 17:37 2:12 1:11
3 Stars
1 - Robert Dome (Det)
2 - Greg Mauldin (Det)
3 - Jordan Hendry (Det)
Power Play
Carnivores - 2 on 4 Attempt(s) - 50.00%
Tamiflu - 5 on 8 Attempt(s) - 62.50%
Penalty Kill
Carnivores - 3 on 8 Attempt(s) - 37.50%
- Score 0 goal in Penalty Kill
Tamiflu - 2 on 4 Attempt(s) - 50.00%
- Score 0 goal in Penalty Kill
Team Stat
Carnivores - Hits : 25 - Faceoff Wins : 36 - Blocked Shots : 13 - Penalty Minutes : 61
Tamiflu - Hits : 15 - Faceoff Wins : 47 - Blocked Shots : 8 - Penalty Minutes : 23
Official
Referees : Pochmara Brian and O'Halloran Dan
Linesman : Brad Lazarowich and Steve Barton
Game Notes
Colin Greening and Mat Clark fight to a draw at 11:41 of 1st period
Jordan Hendry and Brendan Gallagher fight to a draw at 17:05 of 2nd period
Antti Raanta enters game at 17:57 of 2nd period
Greg Mauldin has scored a Hat Trick!
Jamie Arniel beats up Vernon Fiddler at 14:25 of 3rd period
Vernon Fiddler ejected from game at 14:25 of 3rd period
Finance
Level 1 -- Attendance: 2000 (100.00%) -- Ticket Income $56,000
Level 2 -- Attendance: 1000 (100.00%) -- Ticket Income $13,000
Total Attendance: 3000 (100.00%)
Total Ticket Income: $69,000
Other Income: $3,450
Total Income: $72,450
Carnivores
5 vs 5 Forward
Center Left Wing Right Wing Time % Phy DF OF
1 Mikael Granlund Steve Begin Brendan Gallagher 40 1 2 2
2 Vernon Fiddler Jeremy Welsh Chris Lawrence 30 1 2 2
3 Anton Gustafsson Lane MacDermid Jeremy Williams 20 1 2 2
4 Zack Smith Markus Granlund Colton Orr 10 1 2 2
5 vs 5 Defense
Defense Defense Time % Phy DF OF
1 Bobby Sanguinetti Nate Schmidt 40 1 2 2
2 Mat Clark Sasha Pokulok 30 1 2 2
3 David Schlemko Zach Jones 20 1 2 2
4 Mattias Backman Frederic St-Denis 10 1 2 2
PowerPlay Forward
Center Left Wing Right Wing Time % Phy DF OF
1 Mikael Granlund Steve Begin Brendan Gallagher 60 1 0 4
2 Anton Gustafsson Jeremy Welsh Chris Lawrence 40 1 0 4
PowerPlay Defense
Defense Defense Time % Phy DF OF
1 Bobby Sanguinetti Nate Schmidt 60 1 1 3
2 Mat Clark Sasha Pokulok 40 1 1 3
Penalty Kill 4 Players Forward
Center Wing Time % Phy DF OF
1 Steve Begin Brendan Gallagher 60 1 3 1
2 Anton Gustafsson Chris Lawrence 40 1 3 1
Penalty Kill 4 Players Defense
Defense Defense Time % Phy DF OF
1 Bobby Sanguinetti Nate Schmidt 60 1 3 1
2 Zach Jones Sasha Pokulok 40 1 3 1
Penalty Kill - 3 Players Forward
Forward Time % Phy DF OF
1 Steve Begin 60 1 4 0
2 Chris Lawrence 40 1 4 0
Penalty Kill - 3 Players Defense
Defense Defense Time % Phy DF OF
1 Bobby Sanguinetti Nate Schmidt 60 1 3 1
2 Zach Jones Sasha Pokulok 40 1 3 1
4 vs 4 Forward
Center Wing Time % Phy DF OF
1 Steve Begin Brendan Gallagher 60 1 2 2
2 Mikael Granlund Chris Lawrence 40 1 2 2
4 vs 4 Defense
Defense Defense Time % Phy DF OF
1 Bobby Sanguinetti Nate Schmidt 60 1 2 2
2 Mat Clark Sasha Pokulok 40 1 2 2
Last Minutes Offensive
Center Left Wing Right Wing Defense Defense
Mikael Granlund Steve Begin Brendan Gallagher Bobby Sanguinetti Nate Schmidt
Last Minutes Defensive
Center Left Wing Right Wing Defense Defense
Anton Gustafsson Steve Begin Chris Lawrence Sasha Pokulok Nate Schmidt
Goaltenders
Starting : Erik Ersberg
Backup : Antti Raanta
Extra Forwards
Normal : Mark McNeill, Steve Begin, Lane MacDermid - PP : Mark McNeill, Colton Orr - PK : Steve Begin
Extra Defensemen
Normal : Josh Manson, David Schlemko, Zach Jones - PP : Nate Schmidt - PK : Josh Manson, Zach Jones
Penalty Shots
Jeremy Welsh, Brendan Gallagher, Chris Lawrence, Anton Gustafsson, Mikael Granlund
Scratches
Chris Butler (Healthy), Adam Almquist (Healthy), Kenneth Agostino (Healthy), Stanislav Galiev (Healthy), Mark MacMillan (Healthy)
Patrick McNeill (Healthy), Michael Schumacher (Healthy), Blake Geoffrion (Left Foot Injury), Christopher DiDomenico (Healthy)
Tamiflu
5 vs 5 Forward
Center Left Wing Right Wing Time % Phy DF OF
1 Greg Mauldin Robert Dome Nino Niederreiter 40 1 2 2
2 Jamie Arniel Mattias Tedenby Petr Pohl 30 1 2 2
3 Colin Greening Lucas Lessio Mike Duco 20 1 2 2
4 Jan Mursak Rich Clune Garrett Wilson 10 1 2 2
5 vs 5 Defense
Defense Defense Time % Phy DF OF
1 Jordan Hendry Philip Samuelsson 40 1 2 2
2 Nathan Oystrick Stefan Elliott 30 1 2 2
3 Justin Braun Adam Larsson 20 1 2 2
4 Justin Braun Adam Larsson 10 1 2 2
PowerPlay Forward
Center Left Wing Right Wing Time % Phy DF OF
1 Greg Mauldin Robert Dome Petr Pohl 60 1 2 2
2 Jamie Arniel Mattias Tedenby Nino Niederreiter 40 1 2 2
PowerPlay Defense
Defense Defense Time % Phy DF OF
1 Jordan Hendry Philip Samuelsson 60 1 2 2
2 Nathan Oystrick Stefan Elliott 40 1 2 2
Penalty Kill 4 Players Forward
Center Wing Time % Phy DF OF
1 Jan Mursak Nino Niederreiter 60 1 2 2
2 Petr Pohl Jamie Arniel 40 1 2 2
Penalty Kill 4 Players Defense
Defense Defense Time % Phy DF OF
1 Jordan Hendry Philip Samuelsson 60 1 2 2
2 Nathan Oystrick Adam Larsson 40 1 2 2
Penalty Kill - 3 Players Forward
Forward Time % Phy DF OF
1 Nino Niederreiter 60 1 2 2
2 Jamie Arniel 40 1 2 2
Penalty Kill - 3 Players Defense
Defense Defense Time % Phy DF OF
1 Jordan Hendry Philip Samuelsson 60 1 2 2
2 Nathan Oystrick Adam Larsson 40 1 2 2
4 vs 4 Forward
Center Wing Time % Phy DF OF
1 Robert Dome Greg Mauldin 60 1 2 2
2 Petr Pohl Jamie Arniel 40 1 2 2
4 vs 4 Defense
Defense Defense Time % Phy DF OF
1 Jordan Hendry Philip Samuelsson 60 1 2 2
2 Nathan Oystrick Adam Larsson 40 1 2 2
Last Minutes Offensive
Center Left Wing Right Wing Defense Defense
Greg Mauldin Robert Dome Petr Pohl Jordan Hendry Philip Samuelsson
Last Minutes Defensive
Center Left Wing Right Wing Defense Defense
Jamie Arniel Jan Mursak Nino Niederreiter Jordan Hendry Philip Samuelsson
Goaltenders
Starting : Thomas Greiss
Backup : Joe Fallon
Extra Forwards
Normal : Robert Dome, Petr Pohl, Mike Duco - PP : Mike Duco, Jan Mursak - PK : Jan Mursak
Extra Defensemen
Normal : Philip Samuelsson, Nathan Oystrick, Adam Larsson - PP : Justin Braun - PK : Stefan Elliott, Justin Braun
Penalty Shots
Robert Dome, Greg Mauldin, Petr Pohl, Jamie Arniel, Mattias Tedenby
Scratches
Tanner Kero (Healthy), Greg McKegg (Healthy), Kyle Lawson (Healthy), Brett Bulmer (Healthy), Stuart Percy (Healthy)
Jerome Gauthier-Leduc (Healthy), Konrad Abeltshauser (Healthy), Phoenix Copley (Healthy), Tyler Beskorowany (Healthy)
% Time on Ice - Carnivores
Lines # - Real PCT - Wanted PCT - Time Play
Normal Forward
1 - 36% - 40% - 16:24
2 - 26% - 30% - 12:05
3 - 19% - 20% - 8:47
4 - 19% - 10% - 8:39
Normal Defense
1 - 42% - 40% - 19:22
2 - 29% - 30% - 13:29
3 - 16% - 20% - 7:32
4 - 12% - 10% - 5:32
PP Forward
1 - 70% - 60% - 3:50
2 - 30% - 40% - 1:38
PP Defense
1 - 65% - 60% - 3:33
2 - 35% - 40% - 1:55
PK Forward
1 - 83% - 60% - 7:07
2 - 17% - 40% - 1:30
PK Defense
1 - 59% - 60% - 5:07
2 - 41% - 40% - 3:30
PK3 Forward
1 - 0% - 60%
2 - 0% - 40%
PK3 Defense
1 - 0% - 60%
2 - 0% - 40%
44 Forward
1 - 0% - 60%
2 - 0% - 40%
44 Defense
1 - 0% - 60%
2 - 0% - 40%
Last Minute Offensive - 0:00
Last Minute Defensive - 0:00
Total
Forward - 60:00
Defense - 60:00
|
% Time on Ice - Tamiflu
Lines # - Real PCT - Wanted PCT - Time Play
Normal Forward
1 - 39% - 40% - 17:48
2 - 28% - 30% - 12:47
3 - 18% - 20% - 8:24
4 - 15% - 10% - 6:56
Normal Defense
1 - 42% - 40% - 19:20
2 - 29% - 30% - 13:17
3 - 19% - 20% - 8:49
4 - 10% - 10% - 4:29
PP Forward
1 - 56% - 60% - 4:49
2 - 44% - 40% - 3:48
PP Defense
1 - 74% - 60% - 6:25
2 - 26% - 40% - 2:12
PK Forward
1 - 87% - 60% - 4:44
2 - 13% - 40% - 0:44
PK Defense
1 - 64% - 60% - 3:31
2 - 36% - 40% - 1:57
PK3 Forward
1 - 0% - 60%
2 - 0% - 40%
PK3 Defense
1 - 0% - 60%
2 - 0% - 40%
44 Forward
1 - 0% - 60%
2 - 0% - 40%
44 Defense
1 - 0% - 60%
2 - 0% - 40%
Last Minute Offensive - 0:00
Last Minute Defensive - 0:00
Total
Forward - 60:00
Defense - 60:00
|
Play by Play
1st period
0:01 of 1st period - Mikael Granlund wins face-off versus Robert Dome in neutral zone.
0:12 of 1st period - Snap shot by Steve Begin.
0:12 of 1st period - Deflect By Mikael Granlund.
0:12 of 1st period - Stopped by Thomas Greiss with a rebound.
0:14 of 1st period - Wrist shot by Steve Begin.
0:14 of 1st period - Deflect By Mikael Granlund.
0:14 of 1st period - Shot Misses the Net.
0:14 of 1st period - Puck is out of play.
0:15 of 1st period - Jamie Arniel wins face-off versus Vernon Fiddler in Tamiflu zone.
0:41 of 1st period - Mike Duco is hit by Lane MacDermid and loses puck.
1:33 of 1st period - Minor Penalty to Markus Granlund for Interference.
1:34 of 1st period - Greg Mauldin wins face-off versus Steve Begin in Carnivores zone.
2:24 of 1st period - Slapshot by Mattias Tedenby.
2:24 of 1st period - Deflect By Brendan Gallagher.
2:24 of 1st period - Shot Misses the Net.
2:24 of 1st period - Puck is out of play.
2:25 of 1st period - Greg Mauldin wins face-off versus Steve Begin in Carnivores zone.
2:26 of 1st period - Snap shot by Robert Dome.
2:26 of 1st period - Stopped by Erik Ersberg with a rebound.
2:28 of 1st period - Slapshot by Stefan Elliott.
2:28 of 1st period - Goal by Stefan Elliott - Carnivores : 0 - Tamiflu : 1.
2:29 of 1st period - Jamie Arniel wins face-off versus Mikael Granlund in neutral zone.
3:01 of 1st period - Snap shot by Vernon Fiddler.
3:01 of 1st period - Stopped by Thomas Greiss with a rebound.
3:03 of 1st period - Snap shot by Chris Lawrence.
3:03 of 1st period - Stopped by Thomas Greiss without a rebound.
3:04 of 1st period - Colin Greening wins face-off versus Mikael Granlund in Tamiflu zone.
3:20 of 1st period - Snap shot by Mike Duco.
3:20 of 1st period - Stopped by Erik Ersberg with a rebound.
3:30 of 1st period - Greg Mauldin is hit by Chris Lawrence and loses puck.
4:38 of 1st period - Steve Begin is hit by Colin Greening and loses puck.
4:55 of 1st period - Jordan Hendry is hit by Mattias Backman.
5:36 of 1st period - Snap shot by Steve Begin.
5:36 of 1st period - Stopped by Thomas Greiss without a rebound.
5:37 of 1st period - Greg Mauldin wins face-off versus Mikael Granlund in Tamiflu zone.
5:37 of 1st period - Greg Mauldin is hit by David Schlemko.
5:43 of 1st period - Snap shot by Robert Dome.
5:43 of 1st period - Shot Blocked by Brendan Gallagher.
5:49 of 1st period - Wrist shot by Steve Begin.
5:49 of 1st period - Stopped by Thomas Greiss with a rebound.
5:51 of 1st period - Snap shot by Steve Begin.
5:51 of 1st period - Shot Hit the Post.
5:53 of 1st period - Slapshot by Zach Jones.
5:53 of 1st period - Deflect By Brendan Gallagher.
5:53 of 1st period - Shot Misses the Net.
5:53 of 1st period - Puck is out of play.
5:54 of 1st period - Jamie Arniel wins face-off versus Vernon Fiddler in Tamiflu zone.
6:19 of 1st period - Slapshot by Jordan Hendry.
6:19 of 1st period - Stopped by Erik Ersberg without a rebound.
6:20 of 1st period - Mikael Granlund wins face-off versus Colin Greening in Carnivores zone.
6:20 of 1st period - Mikael Granlund is hit by Mike Duco.
6:46 of 1st period - Greg Mauldin is hit by Lane MacDermid and loses puck.
6:54 of 1st period - Off-side.
6:55 of 1st period - Chris Lawrence wins face-off versus Jamie Arniel in neutral zone.
7:27 of 1st period - Off-side.
7:28 of 1st period - Mikael Granlund wins face-off versus Greg Mauldin in neutral zone.
7:38 of 1st period - Wrist shot by Brendan Gallagher.
7:38 of 1st period - Stopped by Thomas Greiss with a rebound.
7:40 of 1st period - Wrist shot by Mikael Granlund.
7:40 of 1st period - Stopped by Thomas Greiss with a rebound.
7:54 of 1st period - Philip Samuelsson is hit by Jeremy Welsh and loses puck.
8:00 of 1st period - Icing by Robert Dome.
8:01 of 1st period - Greg Mauldin wins face-off versus Vernon Fiddler in Tamiflu zone.
8:06 of 1st period - Snap shot by Greg Mauldin.
8:06 of 1st period - Stopped by Erik Ersberg with a rebound.
8:12 of 1st period - Slapshot by Jeremy Welsh.
8:12 of 1st period - Stopped by Thomas Greiss without a rebound.
8:13 of 1st period - Jamie Arniel wins face-off versus Mikael Granlund in Tamiflu zone.
8:18 of 1st period - Wrist shot by Jamie Arniel.
8:18 of 1st period - Shot Misses the Net.
8:20 of 1st period - Snap shot by Stefan Elliott.
8:20 of 1st period - Shot Misses the Net.
8:22 of 1st period - Slapshot by Stefan Elliott.
8:22 of 1st period - Shot Misses the Net.
8:24 of 1st period - Wrist shot by Jamie Arniel.
8:24 of 1st period - Deflect By Steve Begin.
8:24 of 1st period - Shot Hit the Post.
8:24 of 1st period - Puck is out of play.
8:25 of 1st period - Jamie Arniel wins face-off versus Anton Gustafsson in Carnivores zone.
8:26 of 1st period - Wrist shot by Petr Pohl.
8:26 of 1st period - Shot Blocked by Mat Clark.
8:36 of 1st period - Wrist shot by Mattias Tedenby.
8:36 of 1st period - Stopped by Erik Ersberg without a rebound.
8:37 of 1st period - Greg Mauldin wins face-off versus Mikael Granlund in Carnivores zone.
9:04 of 1st period - Bobby Sanguinetti is hit by Mike Duco and loses puck.
9:10 of 1st period - Off-side.
9:11 of 1st period - Jamie Arniel wins face-off versus Vernon Fiddler in neutral zone.
9:38 of 1st period - Zach Jones is hit by Nino Niederreiter and loses puck.
10:03 of 1st period - Slapshot by Brendan Gallagher.
10:03 of 1st period - Stopped by Thomas Greiss with a rebound.
10:19 of 1st period - Justin Braun is hit by Markus Granlund and loses puck.
10:24 of 1st period - Snap shot by Colton Orr.
10:24 of 1st period - Shot Misses the Net.
10:26 of 1st period - Slapshot by Bobby Sanguinetti.
10:26 of 1st period - Shot Misses the Net.
10:52 of 1st period - Wrist shot by Jamie Arniel.
10:52 of 1st period - Deflect By Bobby Sanguinetti.
10:52 of 1st period - Stopped by Erik Ersberg with a rebound.
11:12 of 1st period - Icing by Greg Mauldin.
11:13 of 1st period - Greg Mauldin wins face-off versus Anton Gustafsson in Tamiflu zone.
11:18 of 1st period - Wrist shot by Robert Dome.
11:18 of 1st period - Shot Misses the Net.
11:20 of 1st period - Snap shot by Robert Dome.
11:20 of 1st period - Shot Blocked by Mattias Backman.
11:22 of 1st period - Slapshot by Nathan Oystrick.
11:22 of 1st period - Shot Misses the Net.
11:24 of 1st period - Slapshot by Stefan Elliott.
11:24 of 1st period - Deflect By Robert Dome.
11:24 of 1st period - Stopped by Erik Ersberg with a rebound.
11:38 of 1st period - Snap shot by Greg Mauldin.
11:38 of 1st period - Deflect By Nino Niederreiter.
11:38 of 1st period - Stopped by Erik Ersberg without a rebound.
11:39 of 1st period - Colin Greening wins face-off versus Mikael Granlund in Carnivores zone.
11:41 of 1st period - Colin Greening and Mat Clark fight to a draw.
11:41 of 1st period - Penalty to Colin Greening for Fighting.
11:41 of 1st period - Penalty to Mat Clark for Fighting.
11:42 of 1st period - Robert Dome wins face-off versus Mikael Granlund in Carnivores zone.
11:56 of 1st period - Off-side.
11:57 of 1st period - Jamie Arniel wins face-off versus Vernon Fiddler in neutral zone.
12:08 of 1st period - Snap shot by Jamie Arniel.
12:08 of 1st period - Stopped by Erik Ersberg with a rebound.
12:10 of 1st period - Snap shot by Jamie Arniel.
12:10 of 1st period - Stopped by Erik Ersberg without a rebound.
12:11 of 1st period - Mikael Granlund wins face-off versus Greg Mauldin in Carnivores zone.
12:11 of 1st period - Mikael Granlund is hit by Adam Larsson.
12:34 of 1st period - Icing by Steve Begin.
12:35 of 1st period - Mikael Granlund wins face-off versus Jamie Arniel in Carnivores zone.
13:10 of 1st period - Snap shot by Robert Dome.
13:10 of 1st period - Shot Blocked by Sasha Pokulok.
13:36 of 1st period - Snap shot by Rich Clune.
13:36 of 1st period - Stopped by Erik Ersberg without a rebound.
13:37 of 1st period - Zack Smith wins face-off versus Jan Mursak in Carnivores zone.
13:42 of 1st period - Snap shot by Jan Mursak.
13:42 of 1st period - Stopped by Erik Ersberg without a rebound.
13:43 of 1st period - Zack Smith wins face-off versus Jan Mursak in Carnivores zone.
13:54 of 1st period - Snap shot by Bobby Sanguinetti.
13:54 of 1st period - Shot Misses the Net.
14:12 of 1st period - Slapshot by Nathan Oystrick.
14:12 of 1st period - Stopped by Erik Ersberg without a rebound.
14:13 of 1st period - Greg Mauldin wins face-off versus Mikael Granlund in Carnivores zone.
14:28 of 1st period - Snap shot by Steve Begin.
14:28 of 1st period - Shot Misses the Net.
14:38 of 1st period - Vernon Fiddler is hit by Jamie Arniel and loses puck.
14:43 of 1st period - Wrist shot by Jamie Arniel.
14:43 of 1st period - Shot Misses the Net.
14:52 of 1st period - Icing by Chris Lawrence.
14:53 of 1st period - Greg Mauldin wins face-off versus Vernon Fiddler in Carnivores zone.
14:54 of 1st period - Snap shot by Robert Dome.
14:54 of 1st period - Stopped by Erik Ersberg without a rebound.
14:55 of 1st period - Mikael Granlund wins face-off versus Greg Mauldin in Carnivores zone.
14:55 of 1st period - Mikael Granlund is hit by Greg Mauldin.
15:11 of 1st period - Snap shot by Robert Dome.
15:11 of 1st period - Shot Misses the Net.
15:45 of 1st period - Slapshot by Zack Smith.
15:45 of 1st period - Deflect By Justin Braun.
15:45 of 1st period - Stopped by Thomas Greiss without a rebound.
15:46 of 1st period - Zack Smith wins face-off versus Jan Mursak in Tamiflu zone.
16:11 of 1st period - Wrist shot by Markus Granlund.
16:11 of 1st period - Shot Blocked by Nino Niederreiter.
16:39 of 1st period - Petr Pohl is hit by Brendan Gallagher and loses puck.
17:10 of 1st period - Petr Pohl is hit by Bobby Sanguinetti and loses puck.
17:30 of 1st period - Icing by Robert Dome.
17:31 of 1st period - Greg Mauldin wins face-off versus Zack Smith in Tamiflu zone.
17:55 of 1st period - Snap shot by Nino Niederreiter.
17:55 of 1st period - Stopped by Erik Ersberg without a rebound.
17:56 of 1st period - Petr Pohl wins face-off versus Mikael Granlund in Carnivores zone.
18:04 of 1st period - Minor Penalty to Bobby Sanguinetti for Hooking.
18:05 of 1st period - Greg Mauldin wins face-off versus Steve Begin in Carnivores zone.
18:11 of 1st period - Snap shot by Petr Pohl.
18:11 of 1st period - Shot Misses the Net.
19:17 of 1st period - Greg Mauldin is hit by Anton Gustafsson and loses puck.
Goals for this period are 0 for Carnivores vs 1 for Tamiflu.
Shots for this period are 10 for Carnivores vs 16 for Tamiflu.
2nd period
0:01 of 2nd period - Greg Mauldin wins face-off versus Steve Begin in neutral zone.
0:04 of 2nd period - Penalty to Bobby Sanguinetti is over, Bobby Sanguinetti is back on ice.
0:11 of 2nd period - Wrist shot by Robert Dome.
0:11 of 2nd period - Goal by Robert Dome - Carnivores : 0 - Tamiflu : 2.
0:12 of 2nd period - Jamie Arniel wins face-off versus Mikael Granlund in neutral zone.
0:15 of 2nd period - Slapshot by Philip Samuelsson.
0:15 of 2nd period - Shot Misses the Net.
0:22 of 2nd period - Off-side.
0:23 of 2nd period - Greg Mauldin wins face-off versus Mikael Granlund in neutral zone.
0:36 of 2nd period - Wrist shot by Brendan Gallagher.
0:36 of 2nd period - Shot Misses the Net.
0:38 of 2nd period - Slapshot by Nate Schmidt.
0:38 of 2nd period - Shot Misses the Net.
1:27 of 2nd period - Minor Penalty to Mike Duco for Roughing.
1:28 of 2nd period - Mikael Granlund wins face-off versus Jan Mursak in Tamiflu zone.
1:42 of 2nd period - Icing by Brendan Gallagher.
1:43 of 2nd period - Mikael Granlund wins face-off versus Nino Niederreiter in Carnivores zone.
1:50 of 2nd period - Slapshot by Bobby Sanguinetti.
1:50 of 2nd period - Deflect By Steve Begin.
1:50 of 2nd period - Stopped by Thomas Greiss with a rebound.
1:52 of 2nd period - Snap shot by Brendan Gallagher.
1:52 of 2nd period - Stopped by Thomas Greiss without a rebound.
1:53 of 2nd period - Mikael Granlund wins face-off versus Jan Mursak in Tamiflu zone.
1:54 of 2nd period - Wrist shot by Steve Begin.
1:54 of 2nd period - Deflect By Brendan Gallagher.
1:54 of 2nd period - Shot Blocked by Jan Mursak.
1:54 of 2nd period - Puck is out of play.
1:55 of 2nd period - Mikael Granlund wins face-off versus Jan Mursak in Tamiflu zone.
1:56 of 2nd period - Snap shot by Steve Begin.
1:56 of 2nd period - Shot Misses the Net.
1:58 of 2nd period - Wrist shot by Steve Begin.
1:58 of 2nd period - Shot Misses the Net.
2:00 of 2nd period - Wrist shot by Brendan Gallagher.
2:00 of 2nd period - Goal by Brendan Gallagher - Carnivores : 1 - Tamiflu : 2.
2:01 of 2nd period - Greg Mauldin wins face-off versus Mikael Granlund in neutral zone.
2:14 of 2nd period - Mikael Granlund is hit by Nathan Oystrick and loses puck.
2:27 of 2nd period - Wrist shot by Jamie Arniel.
2:27 of 2nd period - Shot Blocked by Chris Lawrence.
2:35 of 2nd period - Snap shot by Bobby Sanguinetti.
2:35 of 2nd period - Shot Blocked by Philip Samuelsson.
2:37 of 2nd period - Slapshot by Nate Schmidt.
2:37 of 2nd period - Deflect By Petr Pohl.
2:37 of 2nd period - Stopped by Thomas Greiss without a rebound.
2:38 of 2nd period - Anton Gustafsson wins face-off versus Greg Mauldin in Tamiflu zone.
2:54 of 2nd period - Snap shot by Greg Mauldin.
2:54 of 2nd period - Shot Blocked by Anton Gustafsson.
3:32 of 2nd period - Snap shot by Vernon Fiddler.
3:32 of 2nd period - Shot Blocked by Philip Samuelsson.
4:03 of 2nd period - Slapshot by Mike Duco.
4:03 of 2nd period - Stopped by Erik Ersberg without a rebound.
4:04 of 2nd period - Greg Mauldin wins face-off versus Steve Begin in Carnivores zone.
4:29 of 2nd period - Petr Pohl is hit by Bobby Sanguinetti and loses puck.
4:36 of 2nd period - Snap shot by Chris Lawrence.
4:36 of 2nd period - Stopped by Thomas Greiss with a rebound.
4:38 of 2nd period - Snap shot by Chris Lawrence.
4:38 of 2nd period - Shot Misses the Net.
4:40 of 2nd period - Wrist shot by Vernon Fiddler.
4:40 of 2nd period - Stopped by Thomas Greiss with a rebound.
4:54 of 2nd period - Wrist shot by Lane MacDermid.
4:54 of 2nd period - Shot Misses the Net.
5:40 of 2nd period - Slapshot by Steve Begin.
5:40 of 2nd period - Stopped by Thomas Greiss with a rebound.
6:11 of 2nd period - Minor Penalty to Chris Lawrence for Slashing.
6:12 of 2nd period - Greg Mauldin wins face-off versus Steve Begin in Carnivores zone.
6:30 of 2nd period - Icing by Greg Mauldin.
6:31 of 2nd period - Steve Begin wins face-off versus Greg Mauldin in Tamiflu zone.
6:32 of 2nd period - Snap shot by Brendan Gallagher.
6:32 of 2nd period - Deflect By Petr Pohl.
6:32 of 2nd period - Stopped by Thomas Greiss with a rebound.
6:48 of 2nd period - Snap shot by Petr Pohl.
6:48 of 2nd period - Shot Misses the Net.
6:50 of 2nd period - Snap shot by Greg Mauldin.
6:50 of 2nd period - Goal by Greg Mauldin - Carnivores : 1 - Tamiflu : 3.
6:51 of 2nd period - Greg Mauldin wins face-off versus Mikael Granlund in neutral zone.
7:23 of 2nd period - Slapshot by Bobby Sanguinetti.
7:23 of 2nd period - Stopped by Thomas Greiss without a rebound.
7:24 of 2nd period - Mikael Granlund wins face-off versus Jamie Arniel in Tamiflu zone.
8:01 of 2nd period - Wrist shot by Jeremy Williams.
8:01 of 2nd period - Deflect By Anton Gustafsson.
8:01 of 2nd period - Stopped by Thomas Greiss with a rebound.
8:21 of 2nd period - Nate Schmidt is hit by Rich Clune and loses puck.
10:04 of 2nd period - Wrist shot by Robert Dome.
10:04 of 2nd period - Stopped by Erik Ersberg without a rebound.
10:05 of 2nd period - Greg Mauldin wins face-off versus Steve Begin in Carnivores zone.
10:37 of 2nd period - Slapshot by Vernon Fiddler.
10:37 of 2nd period - Stopped by Thomas Greiss with a rebound.
11:20 of 2nd period - Snap shot by Robert Dome.
11:20 of 2nd period - Shot Misses the Net.
11:46 of 2nd period - Minor Penalty to Zack Smith for Tripping.
11:47 of 2nd period - Greg Mauldin wins face-off versus Steve Begin in Carnivores zone.
11:52 of 2nd period - Wrist shot by Greg Mauldin.
11:52 of 2nd period - Goal by Greg Mauldin - Carnivores : 1 - Tamiflu : 4.
11:53 of 2nd period - Mikael Granlund wins face-off versus Nino Niederreiter in neutral zone.
12:09 of 2nd period - Wrist shot by Robert Dome.
12:09 of 2nd period - Stopped by Erik Ersberg without a rebound.
12:10 of 2nd period - Vernon Fiddler wins face-off versus Jamie Arniel in Carnivores zone.
13:49 of 2nd period - Off-side.
13:50 of 2nd period - Greg Mauldin wins face-off versus Mikael Granlund in neutral zone.
14:36 of 2nd period - Wrist shot by Mat Clark.
14:36 of 2nd period - Shot Blocked by Justin Braun.
15:05 of 2nd period - Wrist shot by Rich Clune.
15:05 of 2nd period - Shot Blocked by Frederic St-Denis.
15:07 of 2nd period - Snap shot by Jan Mursak.
15:07 of 2nd period - Shot Misses the Net.
15:09 of 2nd period - Snap shot by Jan Mursak.
15:09 of 2nd period - Shot Misses the Net.
15:28 of 2nd period - Snap shot by Greg Mauldin.
15:28 of 2nd period - Shot Blocked by Steve Begin.
15:54 of 2nd period - Snap shot by Greg Mauldin.
15:54 of 2nd period - Stopped by Erik Ersberg with a rebound.
15:56 of 2nd period - Slapshot by Greg Mauldin.
15:56 of 2nd period - Shot Misses the Net.
16:08 of 2nd period - Snap shot by Robert Dome.
16:08 of 2nd period - Stopped by Erik Ersberg without a rebound.
16:09 of 2nd period - Jamie Arniel wins face-off versus Zack Smith in Carnivores zone.
16:28 of 2nd period - Petr Pohl is hit by Markus Granlund.
16:34 of 2nd period - Petr Pohl is hit by Markus Granlund and loses puck.
16:47 of 2nd period - Slapshot by Jamie Arniel.
16:47 of 2nd period - Shot Misses the Net.
16:55 of 2nd period - Petr Pohl is hit by Markus Granlund and loses puck.
17:04 of 2nd period - Slapshot by Jordan Hendry.
17:04 of 2nd period - Goal by Jordan Hendry - Carnivores : 1 - Tamiflu : 5.
17:05 of 2nd period - Mikael Granlund wins face-off versus Greg Mauldin in neutral zone.
17:05 of 2nd period - Jordan Hendry and Brendan Gallagher fight to a draw.
17:05 of 2nd period - Penalty to Jordan Hendry for Fighting.
17:05 of 2nd period - Penalty to Brendan Gallagher for Fighting.
17:05 of 2nd period - Penalty to Brendan Gallagher for instigated a fight.
17:05 of 2nd period - Penalty to Brendan Gallagher for instigated a fight.
17:06 of 2nd period - Greg Mauldin wins face-off versus Steve Begin in neutral zone.
17:19 of 2nd period - Slapshot by Greg Mauldin.
17:19 of 2nd period - Deflect By Robert Dome.
17:19 of 2nd period - Stopped by Erik Ersberg without a rebound.
17:20 of 2nd period - Steve Begin wins face-off versus Greg Mauldin in Carnivores zone.
17:57 of 2nd period - Slapshot by Jamie Arniel.
17:57 of 2nd period - Goal by Jamie Arniel - Carnivores : 1 - Tamiflu : 6.
17:57 of 2nd period - Antti Raanta enters game.
17:58 of 2nd period - Vernon Fiddler wins face-off versus Nino Niederreiter in neutral zone.
18:01 of 2nd period - Wrist shot by Chris Lawrence.
18:01 of 2nd period - Shot Misses the Net.
18:03 of 2nd period - Wrist shot by Jeremy Welsh.
18:03 of 2nd period - Stopped by Thomas Greiss with a rebound.
18:05 of 2nd period - Slapshot by Jeremy Welsh.
18:05 of 2nd period - Stopped by Thomas Greiss without a rebound.
18:06 of 2nd period - Greg Mauldin wins face-off versus Mikael Granlund in Tamiflu zone.
18:08 of 2nd period - Minor Penalty to Nino Niederreiter for Interference.
18:09 of 2nd period - Mikael Granlund wins face-off versus Jan Mursak in Tamiflu zone.
18:25 of 2nd period - Bobby Sanguinetti is hit by Jan Mursak and loses puck.
Goals for this period are 1 for Carnivores vs 5 for Tamiflu.
Shots for this period are 13 for Carnivores vs 11 for Tamiflu.
3rd period
0:01 of 3rd period - Jan Mursak wins face-off versus Steve Begin in neutral zone.
0:08 of 3rd period - Penalty to Nino Niederreiter is over, Nino Niederreiter is back on ice.
0:15 of 3rd period - Snap shot by Steve Begin.
0:15 of 3rd period - Shot Blocked by Nino Niederreiter.
0:37 of 3rd period - Snap shot by Jan Mursak.
0:37 of 3rd period - Shot Blocked by Lane MacDermid.
0:41 of 3rd period - Snap shot by Garrett Wilson.
0:41 of 3rd period - Stopped by Antti Raanta with a rebound.
0:43 of 3rd period - Slapshot by Philip Samuelsson.
0:43 of 3rd period - Shot Misses the Net.
0:45 of 3rd period - Slapshot by Stefan Elliott.
0:45 of 3rd period - Shot Misses the Net.
1:03 of 3rd period - Wrist shot by Jan Mursak.
1:03 of 3rd period - Goal by Jan Mursak - Carnivores : 1 - Tamiflu : 7.
1:04 of 3rd period - Mattias Tedenby wins face-off versus Mikael Granlund in neutral zone.
1:15 of 3rd period - Wrist shot by Jamie Arniel.
1:15 of 3rd period - Stopped by Antti Raanta with a rebound.
1:36 of 3rd period - Wrist shot by Vernon Fiddler.
1:36 of 3rd period - Goal by Vernon Fiddler - Carnivores : 2 - Tamiflu : 7.
1:37 of 3rd period - Greg Mauldin wins face-off versus Mark McNeill in neutral zone.
1:46 of 3rd period - Snap shot by Steve Begin.
1:46 of 3rd period - Shot Misses the Net.
1:48 of 3rd period - Slapshot by Bobby Sanguinetti.
1:48 of 3rd period - Stopped by Thomas Greiss with a rebound.
2:02 of 3rd period - Nino Niederreiter is hit by Anton Gustafsson.
2:06 of 3rd period - Backhand shot by Nathan Oystrick.
2:06 of 3rd period - Stopped by Antti Raanta with a rebound.
2:08 of 3rd period - Snap shot by Greg Mauldin.
2:08 of 3rd period - Stopped by Antti Raanta without a rebound.
2:09 of 3rd period - Jamie Arniel wins face-off versus Anton Gustafsson in Carnivores zone.
2:10 of 3rd period - Snap shot by Petr Pohl.
2:10 of 3rd period - Shot Misses the Net.
2:26 of 3rd period - Snap shot by Anton Gustafsson.
2:26 of 3rd period - Shot Misses the Net.
2:28 of 3rd period - Wrist shot by Anton Gustafsson.
2:28 of 3rd period - Shot Misses the Net.
2:30 of 3rd period - Slapshot by Anton Gustafsson.
2:30 of 3rd period - Shot Misses the Net.
2:32 of 3rd period - Snap shot by Mat Clark.
2:32 of 3rd period - Deflect By Petr Pohl.
2:32 of 3rd period - Goal by Mat Clark - Carnivores : 3 - Tamiflu : 7.
2:33 of 3rd period - Steve Begin wins face-off versus Greg Mauldin in neutral zone.
2:36 of 3rd period - Snap shot by Mikael Granlund.
2:36 of 3rd period - Deflect By Steve Begin.
2:36 of 3rd period - Stopped by Thomas Greiss with a rebound.
2:46 of 3rd period - Wrist shot by Mikael Granlund.
2:46 of 3rd period - Stopped by Thomas Greiss without a rebound.
2:47 of 3rd period - Mikael Granlund wins face-off versus Mattias Tedenby in Tamiflu zone.
3:14 of 3rd period - Nate Schmidt is hit by Greg Mauldin and loses puck.
3:45 of 3rd period - Slapshot by Mike Duco.
3:45 of 3rd period - Shot Misses the Net.
3:54 of 3rd period - Off-side.
3:55 of 3rd period - Zack Smith wins face-off versus Jan Mursak in neutral zone.
3:58 of 3rd period - Wrist shot by Colton Orr.
3:58 of 3rd period - Stopped by Thomas Greiss with a rebound.
4:10 of 3rd period - Slapshot by Rich Clune.
4:10 of 3rd period - Shot Blocked by Mat Clark.
4:16 of 3rd period - Minor Penalty to Sasha Pokulok for Hooking.
4:17 of 3rd period - Steve Begin wins face-off versus Greg Mauldin in Carnivores zone.
4:48 of 3rd period - Slapshot by Jordan Hendry.
4:48 of 3rd period - Stopped by Antti Raanta with a rebound.
4:50 of 3rd period - Backhand shot by Mattias Tedenby.
4:50 of 3rd period - Stopped by Antti Raanta with a rebound.
4:52 of 3rd period - Snap shot by Mattias Tedenby.
4:52 of 3rd period - Stopped by Antti Raanta with a rebound.
5:06 of 3rd period - Wrist shot by Mikael Granlund.
5:06 of 3rd period - Shot Misses the Net.
5:58 of 3rd period - Nino Niederreiter is hit by Chris Lawrence and loses puck.
6:16 of 3rd period - Penalty to Sasha Pokulok is over, Sasha Pokulok is back on ice.
6:26 of 3rd period - Off-side.
6:27 of 3rd period - Colin Greening wins face-off versus Zack Smith in neutral zone.
6:52 of 3rd period - Garrett Wilson is hit by Chris Lawrence and loses puck.
7:11 of 3rd period - Backhand shot by Rich Clune.
7:11 of 3rd period - Stopped by Antti Raanta without a rebound.
7:12 of 3rd period - Greg Mauldin wins face-off versus Mikael Granlund in Carnivores zone.
7:37 of 3rd period - Jamie Arniel is hit by Jeremy Welsh and loses puck.
7:49 of 3rd period - Minor Penalty to Mattias Tedenby for Roughing.
7:50 of 3rd period - Nino Niederreiter wins face-off versus Mikael Granlund in Tamiflu zone.
7:50 of 3rd period - Nino Niederreiter is hit by Nate Schmidt.
9:49 of 3rd period - Penalty to Mattias Tedenby is over, Mattias Tedenby is back on ice.
10:14 of 3rd period - Jeremy Williams is hit by Adam Larsson and loses puck.
11:31 of 3rd period - Off-side.
11:32 of 3rd period - Jamie Arniel wins face-off versus Jeremy Welsh in neutral zone.
11:53 of 3rd period - Wrist shot by Colton Orr.
11:53 of 3rd period - Stopped by Thomas Greiss with a rebound.
11:59 of 3rd period - Zack Smith is hit by Petr Pohl and loses puck.
12:05 of 3rd period - 10 Minutes Misconduct Penalty to Brendan Gallagher is over.
12:08 of 3rd period - Slapshot by Jamie Arniel.
12:08 of 3rd period - Stopped by Antti Raanta without a rebound.
12:09 of 3rd period - Mikael Granlund wins face-off versus Greg Mauldin in Carnivores zone.
12:14 of 3rd period - Philip Samuelsson is hit by Nate Schmidt and loses puck.
12:19 of 3rd period - Snap shot by Steve Begin.
12:19 of 3rd period - Stopped by Thomas Greiss with a rebound.
12:21 of 3rd period - Wrist shot by Brendan Gallagher.
12:21 of 3rd period - Stopped by Thomas Greiss without a rebound.
12:22 of 3rd period - Mikael Granlund wins face-off versus Greg Mauldin in Tamiflu zone.
12:23 of 3rd period - Snap shot by Steve Begin.
12:23 of 3rd period - Stopped by Thomas Greiss with a rebound.
12:30 of 3rd period - Minor Penalty to Greg Mauldin for Holding.
12:31 of 3rd period - Mikael Granlund wins face-off versus Jan Mursak in Tamiflu zone.
12:35 of 3rd period - Slapshot by Mikael Granlund.
12:35 of 3rd period - Shot Misses the Net.
12:37 of 3rd period - Snap shot by Nate Schmidt.
12:37 of 3rd period - Stopped by Thomas Greiss without a rebound.
12:38 of 3rd period - Mikael Granlund wins face-off versus Jan Mursak in Tamiflu zone.
12:45 of 3rd period - Wrist shot by Steve Begin.
12:45 of 3rd period - Stopped by Thomas Greiss with a rebound.
13:07 of 3rd period - Snap shot by Brendan Gallagher.
13:07 of 3rd period - Stopped by Thomas Greiss with a rebound.
13:09 of 3rd period - Wrist shot by Steve Begin.
13:09 of 3rd period - Shot Blocked by Jan Mursak.
13:11 of 3rd period - Snap shot by Steve Begin.
13:11 of 3rd period - Stopped by Thomas Greiss with a rebound.
13:13 of 3rd period - Wrist shot by Steve Begin.
13:13 of 3rd period - Stopped by Thomas Greiss without a rebound.
13:14 of 3rd period - Anton Gustafsson wins face-off versus Petr Pohl in Tamiflu zone.
13:21 of 3rd period - Slapshot by Chris Lawrence.
13:21 of 3rd period - Shot Misses the Net.
13:23 of 3rd period - Wrist shot by Jeremy Welsh.
13:23 of 3rd period - Shot Misses the Net.
13:25 of 3rd period - Wrist shot by Sasha Pokulok.
13:25 of 3rd period - Shot Misses the Net.
13:27 of 3rd period - Wrist shot by Chris Lawrence.
13:27 of 3rd period - Goal by Chris Lawrence - Carnivores : 4 - Tamiflu : 7.
13:28 of 3rd period - Mikael Granlund wins face-off versus Greg Mauldin in neutral zone.
13:37 of 3rd period - Slapshot by Steve Begin.
13:37 of 3rd period - Deflect By Brendan Gallagher.
13:37 of 3rd period - Shot Blocked by Nino Niederreiter.
13:37 of 3rd period - Puck is out of play.
13:38 of 3rd period - Mikael Granlund wins face-off versus Greg Mauldin in Tamiflu zone.
13:51 of 3rd period - Nino Niederreiter is hit by Mikael Granlund and loses puck.
14:24 of 3rd period - Wrist shot by Robert Dome.
14:24 of 3rd period - Deflect By Greg Mauldin.
14:24 of 3rd period - Goal by Greg Mauldin - Carnivores : 4 - Tamiflu : 8.
14:25 of 3rd period - Jamie Arniel wins face-off versus Vernon Fiddler in neutral zone.
14:25 of 3rd period - Jamie Arniel beats up Vernon Fiddler.
14:25 of 3rd period - Penalty to Jamie Arniel for Fighting.
14:25 of 3rd period - Penalty to Vernon Fiddler for Fighting.
14:25 of 3rd period - Penalty to Vernon Fiddler for instigated a fight.
14:25 of 3rd period - Penalty to Vernon Fiddler for instigated and being the aggresor in a fight.
14:25 of 3rd period - Vernon Fiddler is ejected from game.
14:26 of 3rd period - Greg Mauldin wins face-off versus Steve Begin in neutral zone.
14:35 of 3rd period - Snap shot by Greg Mauldin.
14:35 of 3rd period - Deflect By Bobby Sanguinetti.
14:35 of 3rd period - Stopped by Antti Raanta with a rebound.
14:37 of 3rd period - Wrist shot by Petr Pohl.
14:37 of 3rd period - Shot Misses the Net.
14:51 of 3rd period - Steve Begin is hit by Mike Duco and loses puck.
15:45 of 3rd period - Philip Samuelsson is hit by Anton Gustafsson and loses puck.
16:25 of 3rd period - Penalty to Vernon Fiddler is over, Chris Lawrence is send on ice.
16:28 of 3rd period - Lane MacDermid is hit by Garrett Wilson and loses puck.
16:55 of 3rd period - Petr Pohl is hit by Markus Granlund and loses puck.
17:10 of 3rd period - Snap shot by Jan Mursak.
17:10 of 3rd period - Shot Misses the Net.
17:50 of 3rd period - Philip Samuelsson is hit by Mat Clark and loses puck.
18:17 of 3rd period - Minor Penalty to Lane MacDermid for Roughing.
18:18 of 3rd period - Greg Mauldin wins face-off versus Steve Begin in Carnivores zone.
18:21 of 3rd period - Slapshot by Greg Mauldin.
18:21 of 3rd period - Stopped by Antti Raanta with a rebound.
18:23 of 3rd period - Wrist shot by Jordan Hendry.
18:23 of 3rd period - Shot Misses the Net.
18:25 of 3rd period - Wrist shot by Robert Dome.
18:25 of 3rd period - Goal by Robert Dome - Carnivores : 4 - Tamiflu : 9.
18:26 of 3rd period - Brendan Gallagher wins face-off versus Greg Mauldin in neutral zone.
18:38 of 3rd period - Slapshot by Philip Samuelsson.
18:38 of 3rd period - Shot Blocked by Bobby Sanguinetti.
18:40 of 3rd period - Snap shot by Nino Niederreiter.
18:40 of 3rd period - Shot Misses the Net.
18:42 of 3rd period - Slapshot by Nino Niederreiter.
18:42 of 3rd period - Goal by Nino Niederreiter - Carnivores : 4 - Tamiflu : 10.
18:43 of 3rd period - Mikael Granlund wins face-off versus Greg Mauldin in neutral zone.
19:09 of 3rd period - Mike Duco is hit by Jeremy Welsh and loses puck.
19:16 of 3rd period - Slapshot by Jordan Hendry.
19:16 of 3rd period - Shot Blocked by Bobby Sanguinetti.
19:38 of 3rd period - Snap shot by Anton Gustafsson.
19:38 of 3rd period - Goal by Anton Gustafsson - Carnivores : 5 - Tamiflu : 10.
19:39 of 3rd period - Greg Mauldin wins face-off versus Mikael Granlund in neutral zone.
19:48 of 3rd period - Slapshot by Greg Mauldin.
19:48 of 3rd period - Stopped by Antti Raanta with a rebound.
19:50 of 3rd period - Snap shot by Stefan Elliott.
19:50 of 3rd period - Stopped by Antti Raanta without a rebound.
19:51 of 3rd period - Greg Mauldin wins face-off versus Mikael Granlund in Carnivores zone.
19:54 of 3rd period - Snap shot by Greg Mauldin.
19:54 of 3rd period - Shot Blocked by Mikael Granlund.
Goals for this period are 4 for Carnivores vs 4 for Tamiflu.
Shots for this period are 17 for Carnivores vs 17 for Tamiflu.
Back to the Top